 Dungeon Crawl Stone Soup version 0.32-a0-900-g30fb1b0edc (webtiles) character file.

Game seed: 1191049263607161076

247 AvisFlyer the Conjurer (level 5, 0/29 HPs)
             Began as a Deep Elf Conjurer on Apr 5, 2024.
             Was a Follower of Lugonu.
             Slain by an adder (3 damage)
             ... on level 3 of the Dungeon.
             The game lasted 00:27:13 (2500 turns).

AvisFlyer the Conjurer (Deep Elf Conjurer)          Turns: 2500, Time: 00:27:13

Health: 0/29       AC:  3    Str:  4    XL:     5   Next: 85%
Magic:  9/13       EV:  2    Int: 25    God:    Lugonu [*.....]
Gold:   46         SH:  0    Dex: 13    Spells: 6/12 levels left

rFire   . . .        j - +0 club
rCold   . . .        (no shield)
rNeg    + . .        a - +0 robe
rPois   .            (no helmet)
rElec   .            c - +0 cloak
rCorr   .            (no gloves)
SInv    .            (no boots)
Will    .....        (no amulet)
Stlth   ++           f - ring of positive energy
HPRegen 0.24/turn    (no ring)
MPRegen 0.13/turn

%: no passive effects
@: lethally poisoned (0 -> -2), constricted
A: no striking features
a: Renounce Religion, Depart the Abyss


You were on level 3 of the Dungeon.
You worshipped Lugonu.
Lugonu was aware of your devotion.
You visited 1 branch of the dungeon, and saw 3 of its levels.

You collected 46 gold pieces.

Inventory:

Hand Weapons
 g - a +0 club
 j - a +0 club (weapon)
 l - a +0 club
 m - a +0 sling
 o - a +0 spear
 r - a +0 scythe
 s - a +0 short sword
Missiles
 i - 6 poisoned darts
Armour
 a - a +0 robe (worn)
 c - a +0 cloak (worn)
Jewellery
 f - a ring of positive energy (left hand)
Scrolls
 e - 2 scrolls of identify {unknown}
 h - a scroll of fog {unknown}
 k - a scroll of revelation {unknown}
 n - a scroll of fear {unknown}
Potions
 b - a potion of magic
 d - 2 potions of enlightenment {unknown}
 p - a potion of curing {unknown}
 q - a potion of cancellation {unknown}


   Skills:
 + Level 1.2 Fighting
 + Level 0.1 Maces & Flails
 + Level 3.8 Dodging
 + Level 3.3 Stealth
 + Level 0.9 Unarmed Combat
 + Level 4.3 Spellcasting
 + Level 5.9 Conjurations


You had 6 spell levels left.
You knew the following spells:

 Your Spells              Type           Power      Damage    Failure   Level
a - Magic Dart            Conj           100%       1d8       1%          1
b - Searing Ray           Conj           68%        2d6       1%          2
c - Teleport Other        Tloc           5%         N/A       26%         3

Your spell library contained the following spells:

 Spells                   Type           Power      Damage    Failure   Level
 Tukima's Dance           Hex            5%         N/A       26%         3
 Fulminant Prism          Conj/Alch      10%        3d8       26%         4
 Iskenderun's Mystic Bla Conj/Tloc 20%            2d6        (+2d3     26%         4
 Passage of Golubria      Tloc           5%         N/A       65%         4
 Yara's Violent Unravell  Hex/Alch       2%         3d3       94%         5
 Dispersal                Tloc           2%         N/A       100%        6
 Gell's Gavotte           Tloc           2%         2d(12-18) 100%        6


Dungeon Overview and Level Annotations

Branches:
Dungeon (3/15)

Altars:
Elyvilon
Lugonu

Shops:
D:1 [


Message History

You see here 16 gold pieces.
Aiming: Searing Ray (safe; 1% risk of failure)
Press: ? - help, Q - select action, (/) - cycle Shift-Dir - straight line, f - adder
Aim: an adder (68% to hit)
The searing ray misses the adder. (Press . to maintain the ray.)
The adder closely misses you.
The searing ray misses the adder.
The adder barely misses you.
The searing ray hits the adder.
The adder is moderately wounded.
The adder bites you but does no damage.
The searing ray hits the adder.
The adder is severely wounded.
You finish channelling your searing ray.
The adder closely misses you.
The ball python bites you but does no damage.
The ball python grabs you. The ball python constricts you. The adder bites you.
The ball python bites you. The ball python constricts you. The adder bites you.
The ball python bites you. The ball python constricts you.
The adder barely misses you. The ball python bites you.
The ball python constricts you. The adder bites you.
The ball python bites you but does no damage.
The ball python constricts you. The adder bites you.
You are poisoned.
The adder poisons you!
You feel sick. The adder completely misses you.
The ball python bites you but does no damage.
The ball python constricts you.
You feel sick. The adder barely misses you.
The ball python bites you but does no damage.
The ball python constricts you.
* * * LOW HITPOINT WARNING * * *
You feel sick. The adder bites you.
* * * LOW HITPOINT WARNING * * *
The ball python bites you.
* * * LOW HITPOINT WARNING * * *
The ball python constricts you.
* * * LOW HITPOINT WARNING * * *
You feel sick. The adder bites you.
You die...

## # #.
#.##.######
#.#.....<...#
.....#SS###.#
#.#....@....#
....##...####
### #...>.
###.#.# ...#
####


You could see an adder and a ball python.

Vanquished Creatures
  Sigmund (D:2)
  A gnoll (D:1)
  2 adders (D:2)
  2 ribbon worms (D:2)
  3 dart slugs (D:1)
  8 bats
  2 endoplasms
  4 giant cockroaches
  4 goblins
  5 hobgoblins
  3 jackals (D:2)
  A quokka (D:1)
  4 ball pythons
  3 frilled lizards (D:1)
  3 kobolds
  2 rats
48 creatures vanquished.

Notes
Turn   | Place    | Note
-------+----------+-------------------------------------------
     0 | D:1      | AvisFlyer the Deep Elf Conjurer began the quest for the
                  | Orb.
     0 | D:1      | Reached XP level 1. HP: 10/10 MP: 6/6
   281 | D:1      | Reached XP level 2. HP: 15/15 MP: 4/8
   575 | D:1      | Reached skill level 5 in Conjurations
   592 | D:1      | Found Abubla's Armour Shoppe.
   805 | D:1      | Reached XP level 3. HP: 19/19 MP: 2/9
   848 | D:1      | Learned a level 2 spell: Searing Ray
  1406 | D:2      | Learned a level 3 spell: Teleport Other
  1552 | D:2      | Found a faded altar of an unknown god.
  1559 | D:2      | Prayed at the altar of an unknown god.
  1559 | D:2      | Became a worshipper of Lugonu the Unformed
  1559 | D:2      | Reached * piety under Lugonu
  1779 | D:2      | Reached XP level 4. HP: 24/24 MP: 6/11
  2329 | D:2      | Found a white marble altar of Elyvilon.
  2332 | D:2      | Noticed Sigmund
  2337 | D:2      | Killed Sigmund
  2338 | D:2      | Reached skill level 1 in Fighting
  2338 | D:2      | Reached XP level 5. HP: 27/29 MP: 7/13
  2500 | D:3      | Slain by an adder

Illustrated notes

Levels and vault maps discovered:
D:1:      roderic_crop_circles_arrival_small, layout_loops_corners,
          serial_shops, shop, nicolae_kite_square_tiling_tiny,
          minmay_splitting_lines
D:2:      cheibrodos_old_hovel, layout_loops_ring, basic_altar,
          ebering_ecumenical_altar_abandoned, uniq_sigmund
D:3:      layout_basic, cheibriados_altar_1, minmay_surrounded

Skill      XL: |  1  2  3  4 |
---------------+-------------+-----
Conjurations   | 5 |  5.9
Dodging        | 3 |  3.8
Fighting       | 1 |  1.2
Stealth        | 3 |  3.3
Spellcasting   | 4 |  4.3
Maces & Flails | |  0.1
Unarmed Combat | |  0.9

Action                     |  1- 3 |  4- 6 || total
---------------------------+-------+-------++-------
  Melee: Unarmed           |    34 |       ||    34
         Club              |    35 |     1 ||    36
   Cast: Magic Dart        |    49 |       ||    49
         Searing Ray       |    10 |     8 ||    18
 Armour: Robe              |    27 |    32 ||    59
  Dodge: Dodged            |    36 |    16 ||    52

Table legend: (Time is in decaauts)
 A = Elapsed time spent in this place.
 B = Non-inter-level travel time spent in this place.
 C = Inter-level travel time spent in this place.
 D = Time resting spent in this place.
 E = Time spent auto-exploring this place.
 F = Levels seen in this place.
 G = Mean time per level.
                   A        B        C        D        E       F      G
               +--------+--------+--------+--------+--------+-----+--------+
         Total |   2508 |   2277 |    231 |      0 |      0 |   3 |  836.0 |
       Dungeon |   2508 |   2277 |    231 |      0 |      0 |   3 |  836.0 |
               +--------+--------+--------+--------+--------+-----+--------+

Top non-repeatable levels by time:
     D:1: 1400 daAuts
     D:2: 1094 daAuts
     D:3: 13 daAuts
